[Event "*** Titled Tuesday Blitz"]
[Site "Chess.com"]
[Date "2021.03.30"]
[Round "4"]
[White "Zkid"]
[Black "DenisQ"]
[Result "0-1"]
[WhiteElo "2834"]
[BlackElo "2656"]
[TimeControl "180+1"]
[EndTime "10:34:22 PDT"]
[Termination "DenisQ won by resignation"]

1. e4 c6 2. d4 d5 3. exd5 cxd5 4. Bd3 Nc6 5. c3 Nf6 6. Bf4 Bg4 7. Qb3 Qd7 8. Nd2 e6 9. Ngf3 Bxf3 10. Nxf3 Bd6 11.
Bxd6 Qxd6 12. O-O O-O 13. Rae1 Rab8 14. a4 Qc7 15. Ne5 Nxe5 16. Rxe5 a6 17. Qc2 b5 18.
axb5 axb5 19. b4 Rfc8 20. Re3 g6 21. Rc1 Ne8 22. Qe2 Nd6 23. h4 Qe7 24. h5 Qg5 25. Rg3 Qxc1+ 0-1

[Event "*** Titled Tuesday Blitz"]
[Site "Chess.com"]
[Date "2021.03.30"]
[Round "4"]
[White "nrvisakh"]
[Black "mr_gustavo"]
[Result "0-1"]
[WhiteElo "2790"]
[BlackElo "2392"]
[TimeControl "180+1"]
[EndTime "10:34:40 PDT"]
[Termination "mr_gustavo won by resignation"]

1. e4 c5 2. Nf3 d6 3. d4 cxd4 4. Nxd4 Nf6 5. f3 e5 6. Bb5+ Nbd7 7. Nf5 d5 8. exd5 a6 9. Bxd7+ Bxd7 10. Ne3 Bc5 11. O-O Bb5 12. Nc3 Bxf1 13. Kxf1 O-O 14. Qd3 Rc8 15. Bd2 b5 16. Re1 b4 17. Ne4 Bxe3 18.
Bxe3 Nxd5 19. Bc5 Re8 20. Rd1 Rxc5 0-1

[Event "*** Titled Tuesday Blitz"]
[Site "Chess.com"]
[Date "2021.03.30"]
[Round "4"]
[White "aljado"]
[Black "utsavp"]
[Result "0-1"]
[WhiteElo "2087"]
[BlackElo "2307"]
[TimeControl "180+1"]
[EndTime "10:34:47 PDT"]
[Termination "utsavp won by resignation"]

1. e4 c5 2. Nf3 a6 3. d4 cxd4 4. Nxd4 Nf6 5. Nc3 e5 6. Nf3 Nc6 7. Be2 Bb4 8. O-O O-O 9. Bg5 Bxc3 10. bxc3 h6 11. Bh4 d6 12. Rb1 b5 13. c4 b4 14. Qd3 Be6 15. Rfd1 Rc8 16. Qxd6 Qxd6 17. Rxd6 Nxe4 18. Rdd1 Nc3 19. Bd3 e4 0-1

[Event "*** Titled Tuesday Blitz"]
[Site "Chess.com"]
[Date "2021.03.30"]
[Round "4"]
[White "Blitzking642"]
[Black "Magila31"]
[Result "0-1"]
[WhiteElo "2441"]
[BlackElo "2290"]
[TimeControl "180+1"]
[EndTime "10:34:57 PDT"]
[Termination "Magila31 won by resignation"]

1. e4 g6 2. Nc3 Bg7 3. Bc4 e6 4. f4 Ne7 5. Bb3 c5 6. Nf3 Nbc6 7. O-O O-O 8. d3 d5 9. Qe1 Nd4 10. Nxd4 cxd4 11. Ne2 dxe4 12. dxe4 Nc6 13. f5 exf5 14.
exf5 Bxf5 15. Rxf5 gxf5 16. Ng3 Re8 17. Qf2 d3 18. c3 Nd4 19. Nxf5 Nxf5 20. Qxf5 d2 21. Bxf7+ Kh8 0-1

[Event "*** Titled Tuesday Blitz"]
[Site "Chess.com"]
[Date "2021.03.30"]
[Round "4"]
[White "tusplingher"]
[Black "gxbg2000"]
[Result "1-0"]
[WhiteElo "2279"]
[BlackElo "1910"]
[TimeControl "180+1"]
[EndTime "10:35:01 PDT"]
[Termination "tusplingher won by resignation"]

1. e4 e5 2. Bc4 c6 3. Nf3 d6 4.
O-O h6 5. d4 exd4 6. Nxd4 Nf6 7. Nc3 Be7 8. Bf4 O-O 9. Bg3 b5 10. Be2 Bb7 11. Nf5 d5 12. exd5 Nxd5 13. Nxd5 cxd5 14.
Bxb5 Bf6 15. Bd3 Nd7 16. Qg4 Kh8 17. Nxh6 gxh6 18. Qf5 1-0

[Event "*** Titled Tuesday Blitz"]
[Site "Chess.com"]
[Date "2021.03.30"]
[Round "4"]
[White "Kapibara_Warri0r"]
[Black "Beca95"]
[Result "0-1"]
[WhiteElo "2246"]
[BlackElo "2890"]
[TimeControl "180+1"]
[EndTime "10:35:31 PDT"]
[Termination "Beca95 won by resignation"]

1. e4 g6 2. d4 Nf6 3. Nc3 d5 4. e5 Ne4 5. Nxe4 dxe4 6. Bc4 c5 7. d5 Bg7 8. Bf4 O-O 9. Ne2 Nd7 10. e6 Nb6 11. b3 fxe6 12. dxe6 Nxc4 13. bxc4 Bxe6 14. Rb1 Bxc4 15. Qxd8 Raxd8 16. Rxb7 Bxe2 17. Kxe2 Rxf4 0-1

[Event "*** Titled Tuesday Blitz"]
[Site "Chess.com"]
[Date "2021.03.30"]
[Round "4"]
[White "Cocaino74"]
[Black "dhaessel"]
[Result "1-0"]
[WhiteElo "2262"]
[BlackElo "2006"]
[TimeControl "180+1"]
[EndTime "10:35:35 PDT"]
[Termination "Cocaino74 won by resignation"]

1. e4 e5 2. Nf3 Nc6 3. Bc4 Nf6 4. Ng5 d5 5. exd5 Na5 6. Bb5+ c6 7. dxc6 bxc6 8. Bd3 h6 9. Ne4 Nd5 10. O-O Nf4 11.
Re1 Nxd3 12. cxd3 Be7 13. b3 O-O 14. Bb2 f6 15. Qf3 Ba6 16. Bc3 Nb7 17. Ng3 Bxd3 18. Qxc6 Nc5 19. b4 Rc8 20. Qf3 Na4 21. Nf5 Bxf5 22.
Qxf5 Nxc3 23. dxc3 Qd2 24. Nxd2 1-0

[Event "*** Titled Tuesday Blitz"]
[Site "Chess.com"]
[Date "2021.03.30"]
[Round "4"]
[White "Hikaru"]
[Black "superchess02"]
[Result "1-0"]
[WhiteElo "3211"]
[BlackElo "2813"]
[TimeControl "180+1"]
[EndTime "10:36:00 PDT"]
[Termination "Hikaru won by resignation"]

1. e4 e5 2. Nc3 Nf6 3. Bc4 c6 4. Nf3 d6 5. d4 exd4 6. Qxd4 Be7 7. Bf4 b5 8. Be2 Nh5 9. Be3 Bf6 10. Qd2 b4 11.
Nd1 a5 12. Nd4 g6 13. g4 Ng7 14. g5 Be7 15. f4 h6 16. gxh6 Rxh6 17. Nf2 c5 18.
Nf3 Bb7 19. f5 Rh8 20. fxg6 fxg6 21. Rg1 Bf6 22. O-O-O Ba6 23. Rxg6 a4 24. e5 dxe5 25. Qxd8+ Bxd8 26. Bxa6 Rxa6 27. Rxg7 1-0

[Event "*** Titled Tuesday Blitz"]
[Site "Chess.com"]
[Date "2021.03.30"]
[Round "4"]
[White "Reader777"]
[Black "GigaQuparadze"]
[Result "0-1"]
[WhiteElo "2716"]
[BlackElo "2879"]
[TimeControl "180+1"]
[EndTime "10:36:00 PDT"]
[Termination "GigaQuparadze won by resignation"]

1. d4 Nf6 2. c4 e6 3. g3 Bb4+ 4. Bd2 Be7 5. Bg2 d5 6. Nf3 O-O 7. O-O c6 8. Qc2 b6 9. Rd1 Ba6 10. b3 Nbd7 11. Bf4 Rc8 12. Nbd2 c5 13. dxc5 Bxc5 14.
Qb2 Qe7 15. Ne5 Ba3 16. Qd4 Bc5 17. Qb2 Nxe5 18. Bxe5 Ng4 19. Bd4 Ba3 20. Qc3 e5 21. Be3 d4 22. Bxd4 exd4 23. Qxd4 Nxf2 24. Rf1 Bc5 0-1

[Event "*** Titled Tuesday Blitz"]
[Site "Chess.com"]
[Date "2021.03.30"]
[Round "4"]
[White "Grandmaster1369"]
[Black "Harry_Rakkel"]
[Result "1-0"]
[WhiteElo "2433"]
[BlackElo "2594"]
[TimeControl "180+1"]
[EndTime "10:36:12 PDT"]
[Termination "Grandmaster1369 won by resignation"]

1. e4 c5 2. Nf3 e6 3. d3 Nc6 4. g3 Nf6 5. Bg2 d5 6. Qe2 Be7 7. O-O O-O 8. e5 Nd7 9. c4 d4 10. h4 Qc7 11. Bf4 Rb8 12. Re1 b5 13. cxb5 Rxb5 14.
Na3 Rb4 15. Nc4 Ba6 16. b3 Rfb8 17. h5 Na5 18. h6 Nxc4 19. dxc4 g6 20. Bd2 Bf8 21.
Bxb4 Rxb4 22. Qd2 Bb7 23. Qf4 a5 24. Ng5 Nb8 25. Bxb7 Rxb7 26. Ne4 Nd7 27. Nd6 Bxd6 28. exd6 Qc6 29. Rad1 Rb6 30. Qg5 Qxd6 31. Qd8+ Nf8 32. Qf6 1-0

[Event "*** Titled Tuesday Blitz"]
[Site "Chess.com"]
[Date "2021.03.30"]
[Round "4"]
[White "Zhigalko_Sergei"]
[Black "seorobert1971"]
[Result "1-0"]
[WhiteElo "2895"]
[BlackElo "2732"]
[TimeControl "180+1"]
[EndTime "10:36:14 PDT"]
[Termination "Zhigalko_Sergei won by resignation"]

1. e4 c6 2. d4 d5 3. e5 Bf5 4.
Nf3 e6 5. Be2 Nd7 6. O-O Ne7 7.
Nbd2 c5 8. c4 dxc4 9. Nxc4 Nd5 10. Bg5 Qc7 11. Rc1 h6 12. Bh4 b5 13. Nd6+ Bxd6 14. exd6 Qxd6 15. dxc5 Nxc5 16. Bxb5+ Nd7 17. Bg3 Qb4 18. Bc6 Rd8 19. Ne5 Nf6 20. Bxd7+ Nxd7 21. Nc6 1-0

[Event "*** Titled Tuesday Blitz"]
[Site "Chess.com"]
[Date "2021.03.30"]
[Round "4"]
[White "The_filthy"]
[Black "MIJuanReyesRosa"]
[Result "1-0"]
[WhiteElo "2318"]
[BlackElo "2103"]
[TimeControl "180+1"]
[EndTime "10:36:18 PDT"]
[Termination "The_filthy won on time"]

1. e4 c6 2. d4 d5 3. exd5 cxd5 4. Bd3 Nf6 5. c3 Qc7 6. h3 e5 7. dxe5 Qxe5+ 8. Be3 Bc5 9. Nf3 Qe7 10. O-O Bxe3 11. Re1 Bxf2+ 12. Kxf2 Be6 13. Nd4 O-O 14. Nd2 Nc6 15.
N2f3 Rad8 16. Kg1 Qd6 17. Ng5 Nxd4 18. cxd4 h6 19. Nxe6 fxe6 20. Qb3 Qg3 21. Bh7+ 1-0

[Event "*** Titled Tuesday Blitz"]
[Site "Chess.com"]
[Date "2021.03.30"]
[Round "4"]
[White "dpruess"]
[Black "scarabee43"]
[Result "0-1"]
[WhiteElo "2346"]
[BlackElo "2579"]
[TimeControl "180+1"]
[EndTime "10:36:28 PDT"]
[Termination "scarabee43 won by resignation"]

1. e4 c5 2. Nf3 e6 3. d4 cxd4 4. Nxd4 Nc6 5. Nc3 Qc7 6. Be3 a6 7. Qf3 Nf6 8. Qg3 Qxg3 9. hxg3 Ng4 10. Nxc6 Nxe3 11. Nd4 Nxf1 12. Kxf1 b5 13. a4 b4 14. Na2 Bb7 15. f3 Rc8 16. c3 bxc3 17. Nxc3 Bb4 18.
Rc1 d5 19. exd5 Bxd5 20. Kf2 Bb7 21. Ne4 Ke7 22. Rxc8 Rxc8 23. Rxh7 Bxe4 24. fxe4 Bc5 25. Ke3 Rd8 0-1

[Event "*** Titled Tuesday Blitz"]
[Site "Chess.com"]
[Date "2021.03.30"]
[Round "4"]
[White "losersgame"]
[Black "StockholmMissile"]
[Result "0-1"]
[WhiteElo "2324"]
[BlackElo "2558"]
[TimeControl "180+1"]
[EndTime "10:36:29 PDT"]
[Termination "StockholmMissile won by checkmate"]

1. d4 Nf6 2. c4 g6 3. Nc3 d5 4. cxd5 Nxd5 5. e4 Nxc3 6. bxc3 Bg7 7. Nf3 c5 8. Be3 O-O 9. Rc1 cxd4 10.
cxd4 Qa5+ 11. Qd2 Qxd2+ 12. Kxd2 Nc6 13. d5 Rd8 14. Kc2 Ne5 15. Nxe5 Bxe5 16. Kb3 e6 17. Bc4 b5 18. Be2 exd5 19. exd5 Bb7 20. Bxb5 Bxd5+ 21. Bc4 Rab8+ 22. Ka4 Bxg2 23. Rhd1 Rxd1 24. Rxd1 Bc3 25. Bb5 a6 26. Bxa6 Bc6+ 27. Ka3 Bb2# 0-1

[Event "*** Titled Tuesday Blitz"]
[Site "Chess.com"]
[Date "2021.03.30"]
[Round "4"]
[White "Klavdia_Nik"]
[Black "chessprincesa1"]
[Result "1-0"]
[WhiteElo "2027"]
[BlackElo "2249"]
[TimeControl "180+1"]
[EndTime "10:36:36 PDT"]
[Termination "Klavdia_Nik won by resignation"]

1. Nf3 Nf6 2. c4 e6 3. b3 d5 4. Bb2 Be7 5. g3 O-O 6. Bg2 c5 7. O-O Nc6 8. d3 d4 9. Nbd2 e5 10. b4 cxb4 11. a3 bxa3 12. Bxa3 Bxa3 13. Rxa3 Bg4 14.
h3 Bf5 15. Ng5 Nd7 16. Nge4 Be6 17. Qa4 f5 18. Nd6 Nc5 19. Nxb7 Nxa4 20. Nxd8 Nxd8 21.
Bxa8 Nc3 22. Re1 f4 23. Bg2 Rf7 24. Nf3 Nc6 25. Ng5 1-0

[Event "*** Titled Tuesday Blitz"]
[Site "Chess.com"]
[Date "2021.03.30"]
[Round "4"]
[White "Genghis_K"]
[Black "maximnovik"]
[Result "1-0"]
[WhiteElo "2942"]
[BlackElo "2556"]
[TimeControl "180+1"]
[EndTime "10:36:40 PDT"]
[Termination "Genghis_K won by resignation"]

1. e4 c6 2. Nf3 d5 3. d3 dxe4 4. dxe4 Qxd1+ 5. Kxd1 Nf6 6. Nbd2 Bg4 7. Bd3 Nbd7 8. h3 Bxf3+ 9. Nxf3 Nc5 10. Nd2 O-O-O 11. Ke2 e6 12. Rd1 Nxd3 13. cxd3 Bc5 14. Nb3 Bb6 15.
a4 a6 16. a5 Ba7 17. Be3 Kb8 18. Ra3 e5 19. Nc5 Nd7 20. b4 Bxc5 21. bxc5 Nf8 22.
d4 exd4 23. Rxd4 Ne6 24. Rxd8+ Rxd8 25. Rd3 Rxd3 26. Kxd3 Kc7 27. f4 f6 28. g4 Kd7 29. f5 Nc7 30. Bf4 Ne8 31. e5 fxe5 32.
Bxe5 Ke7 33. Ke4 g6 34. fxg6 hxg6 35. h4 Ke6 36. h5 1-0

[Event "*** Titled Tuesday Blitz"]
[Site "Chess.com"]
[Date "2021.03.30"]
[Round "4"]
[White "yoelpolanco"]
[Black "Rital44"]
[Result "0-1"]
[WhiteElo "2242"]
[BlackElo "2432"]
[TimeControl "180+1"]
[EndTime "10:36:40 PDT"]
[Termination "Rital44 won by resignation"]

1. Nf3 Nf6 2. c4 g6 3. Nc3 Bg7 4. e4 O-O 5. e5 Ng4 6. d4 c5 7. h3 cxd4 8. Qxd4 Nh6 9. Bd3 Nc6 10.
Qh4 Nf5 11. Bxf5 gxf5 12. Bh6 e6 13. Qxd8 Rxd8 14. Bxg7 Kxg7 15. O-O-O f6 16. exf6+ Kxf6 17. Rhe1 a6 18. Na4 b5 19. Nb6 Rb8 20. Nxc8 Rbxc8 21. cxb5 Nd4+ 22. Kb1 Nxf3 23. gxf3 axb5 24. Rg1 d5 25. f4 Rg8 26. a3 Rxg1 27. Rxg1 Rc4 28. Rg8 Rxf4 29. Rb8 b4 30. a4 b3 31. a5 Ra4 32.
Ra8 Ke5 33. a6 Kd4 34. a7 e5 35. h4 f4 36. h5 e4 37. h6 e3 38. fxe3+ fxe3 39. Rg8 Rxa7 40. Rg1 e2 41. Kc1 Ra1+ 0-1

[Event "*** Titled Tuesday Blitz"]
[Site "Chess.com"]
[Date "2021.03.30"]
[Round "4"]
[White "DanielTitichoca"]
[Black "KubaGepard"]
[Result "1-0"]
[WhiteElo "2279"]
[BlackElo "2402"]
[TimeControl "180+1"]
[EndTime "10:36:41 PDT"]
[Termination "DanielTitichoca won by resignation"]

1. c4 e5 2. g3 c6 3. Bg2 d5 4. cxd5 cxd5 5. d4 e4 6. Nc3 Nc6 7. f3 exf3 8. Nxf3 Nf6 9. O-O Be7 10. Bf4 O-O 11. Kh1 h6 12. Ne5 Be6 13. Nxc6 bxc6 14.
Rc1 Rc8 15. Na4 Qb6 16. Nxb6 axb6 17. a3 g5 18. Be3 Rfd8 19. Qd2 Ne8 20. h4 g4 21.
Bxh6 Nd6 22. Bg5 Bxg5 23. Qxg5+ Kh7 24. Rf6 1-0

[Event "*** Titled Tuesday Blitz"]
[Site "Chess.com"]
[Date "2021.03.30"]
[Round "4"]
[White "LamaChampetre"]
[Black "jraosam"]
[Result "1-0"]
[WhiteElo "2225"]
[BlackElo "1836"]
[TimeControl "180+1"]
[EndTime "10:36:45 PDT"]
[Termination "LamaChampetre won by resignation"]

1. d4 d5 2. c4 e6 3. Nf3 Nf6 4. g3 Be7 5. Bg2 O-O 6. O-O dxc4 7. Ne5 Nc6 8. Bxc6 bxc6 9. Nxc6 Qe8 10. Nxe7+ Qxe7 11. Qa4 c5 12. Qa3 Nd7 13. Be3 Bb7 14. dxc5 Ne5 15.
Nc3 Qc7 16. f3 Qc6 17. Rad1 Rfd8 18. Rd6 Rxd6 19. cxd6 Rd8 20. Qa5 f6 21. Qxd8+ 1-0

[Event "*** Titled Tuesday Blitz"]
[Site "Chess.com"]
[Date "2021.03.30"]
[Round "4"]
[White "horripile"]
[Black "sbouchet"]
[Result "1-0"]
[WhiteElo "2604"]
[BlackElo "2399"]
[TimeControl "180+1"]
[EndTime "10:36:48 PDT"]
[Termination "horripile won by resignation"]

1. e4 c5 2. Nf3 g6 3. d4 cxd4 4. Nxd4 Nf6 5. Nc3 Nc6 6. Bc4 Bg7 7. Be3 Qa5 8. O-O O-O 9. Nb3 Qd8 10. f4 d6 11. Be2 Bd7 12. Qd2 Ng4 13. Bxg4 Bxg4 14. f5 gxf5 15. h3 f4 16. Bxf4 Be6 17. Bh6 f6 18.
Nd5 Rc8 19. Rf3 Rf7 20. Rg3 Qf8 21. Nf4 Bxb3 22. Nh5 Ne5 23. Bxg7 1-0

[Event "*** Titled Tuesday Blitz"]
[Site "Chess.com"]
[Date "2021.03.30"]
[Round "4"]
[White "Ali-Farahat"]
[Black "beto-betun"]
[Result "1-0"]
[WhiteElo "2414"]
[BlackElo "2219"]
[TimeControl "180+1"]
[EndTime "10:36:52 PDT"]
[Termination "Ali-Farahat won by resignation"]

1. e4 c5 2. Nf3 d6 3. c3 Nf6 4. h3 g6 5. Bd3 Bg7 6. Bc2 O-O 7. d4 cxd4 8. cxd4 Nc6 9. O-O Bd7 10.
Nc3 Rc8 11. Re1 Qb6 12. e5 Ne8 13. Nd5 Qd8 14. Bg5 f6 15. Bh4 e6 16. exf6 Nxf6 17.
Nf4 Qe8 18. Bb3 Nd8 19. Ng5 h6 20. Ngxe6 Nxe6 21. Nxe6 Bxe6 22. Rxe6 1-0

[Event "*** Titled Tuesday Blitz"]
[Site "Chess.com"]
[Date "2021.03.30"]
[Round "4"]
[White "slavenok"]
[Black "SoldierOfGod1"]
[Result "1-0"]
[WhiteElo "2746"]
[BlackElo "2514"]
[TimeControl "180+1"]
[EndTime "10:36:57 PDT"]
[Termination "slavenok won by resignation"]

1. e4 c6 2. d4 d5 3. exd5 cxd5 4.
Nf3 Nf6 5. c4 Nc6 6. Nc3 g6 7.
cxd5 Nxd5 8. Bb5 Bg7 9. O-O O-O 10. h3 a6 11. Ba4 Nxc3 12. bxc3 Be6 13. Bg5 h6 14. Bh4 g5 15. Bg3 Rc8 16. Qd3 Na5 17.
Bc2 f5 18. Rfe1 Bd5 19. Be5 Be4 20. Rxe4 fxe4 21. Qxe4 Rf7 22. Qh7+ Kf8 23. Bg6 Qd5 24.
Bxf7 Qxf7 25. Bxg7+ Qxg7 26. Qf5+ Qf7 27. Qxc8+ Kg7 28.
Re1 Nc6 29. Qxb7 1-0

[Event "*** Titled Tuesday Blitz"]
[Site "Chess.com"]
[Date "2021.03.30"]
[Round "4"]
[White "arminmusovic"]
[Black "chessmachine14"]
[Result "1-0"]
[WhiteElo "2559"]
[BlackElo "2324"]
[TimeControl "180+1"]
[EndTime "10:37:03 PDT"]
[Termination "arminmusovic won on time"]

1. a3 a6 2. Nc3 Nf6 3. e4 e5 4.
Nf3 Nc6 5. d4 exd4 6. Nd5 h6 7.
Bc4 d6 8. Nxd4 Ne5 9. Ba2 Nxd5 10. Bxd5 c6 11. Ba2 Be7 12. O-O O-O 13. h3 Qc7 14. Be3 b5 15. f4 Nc4 16. Bxc4 bxc4 17. Qh5 d5 18. e5 c5 19. Nf3 d4 20. Bf2 Bb7 21.
Rae1 Qc6 22. f5 Kh7 23. Bh4 Bxh4 24. Qxh4 Rad8 25. Ng5+ 1-0

[Event "*** Titled Tuesday Blitz"]
[Site "Chess.com"]
[Date "2021.03.30"]
[Round "4"]
[White "pfalcon1949"]
[Black "Fraler15"]
[Result "0-1"]
[WhiteElo "1984"]
[BlackElo "2250"]
[TimeControl "180+1"]
[EndTime "10:37:03 PDT"]
[Termination "Fraler15 won by resignation"]

1. c4 e5 2. Nc3 Nf6 3. g3 Bb4 4. Bg2 O-O 5. e3 Nc6 6. Nge2 d6 7. O-O a5 8. Nd5 Bc5 9. d4 exd4 10. exd4 Ba7 11. Bg5 Bg4 12. f3 Be6 13. Nxf6+ gxf6 14. Bh6 Re8 15. b3 f5 16. Kh1 Qf6 17. Bf4 Nxd4 18. Nxd4 Bxd4 19. Rc1 Be5 20. Qd2 a4 21. Bg5 Qg7 22.
f4 Bf6 23. Bxf6 Qxf6 24. Bxb7 Ra7 25. Bg2 Rb8 26. Qe3 Ra6 27. Rfe1 axb3 28. axb3 Qb2 29.
Qc3 Rxb3 30. Qxb2 Rxb2 31. c5 Raa2 32. Rg1 Rxg2 33. Rxg2 Bd5 34. Rg1 dxc5 35. h4 c4 36.
Kh2 Rxg2+ 37. Rxg2 Bxg2 38. Kxg2 c3 0-1

[Event "*** Titled Tuesday Blitz"]
[Site "Chess.com"]
[Date "2021.03.30"]
[Round "4"]
[White "Andrii_Prydun"]
[Black "The_Machine04"]
[Result "1-0"]
[WhiteElo "2275"]
[BlackElo "2425"]
[TimeControl "180+1"]
[EndTime "10:37:07 PDT"]
[Termination "Andrii_Prydun won by checkmate"]

1. d4 d6 2. Nc3 Nf6 3. Bf4 e5 4. dxe5 dxe5 5. Qxd8+ Kxd8 6. Bxe5 Nbd7 7. O-O-O Bc5 8. e3 Bb6 9. Be2 Ke7 10. Bf4 h6 11. h4 a6 12. Nf3 Nc5 13. Ne5 Nce4 14. Nxe4 Nxe4 15. Rhf1 g5 16. hxg5 hxg5 17. Bf3 gxf4 18.
Bxe4 fxe3 19. fxe3 Bxe3+ 20. Kb1 Rf8 21. Bd5 Be6 22.
Bxb7 Rab8 23. Nc6+ Ke8 24. Nxb8 Ke7 25. Nc6+ Ke8 26. Rd8# 1-0

[Event "*** Titled Tuesday Blitz"]
[Site "Chess.com"]
[Date "2021.03.30"]
[Round "4"]
[White "Shahaliyev"]
[Black "CM_rui"]
[Result "0-1"]
[WhiteElo "2635"]
[BlackElo "2437"]
[TimeControl "180+1"]
[EndTime "10:37:08 PDT"]
[Termination "CM_rui won by resignation"]

1. e4 e5 2. Nc3 Nf6 3. Nf3 Nc6 4. Bb5 Bb4 5. Bxc6 dxc6 6. d3 Bg4 7. h3 Bxf3 8. Qxf3 Qd7 9. Bg5 O-O-O 10. Bxf6 gxf6 11. Qxf6 Qd4 12. Kd2 Qxe4 13. Rae1 Qxg2 14. Rhg1 Qxh3 15. Rxe5 Rhe8 16. Qf5+ Qxf5 17. Rxf5 Re7 18. Rg7 Rde8 19. d4 Rd8 20. Kd3 c5 21. Nd5 Red7 22. Rfxf7 Rxf7 23. Rxf7 Rxd5 24. c3 Ba5 25. Kc4 Rd7 26. Rf8+ Rd8 27. Rf5 cxd4 28. cxd4 Bb6 29. d5 c6 30. dxc6 bxc6 31.
Rf7 Rd7 32. Rf8+ Kc7 33. Rf5 Rd4+ 34. Kc3 Rh4 35. b4 Rh2 36. a4 Rxf2 37. Rh5 Rf7 38. a5 Bf2 39. Kc4 a6 0-1

[Event "*** Titled Tuesday Blitz"]
[Site "Chess.com"]
[Date "2021.03.30"]
[Round "4"]
[White "Spriteball"]
[Black "Gabix_94"]
[Result "0-1"]
[WhiteElo "2373"]
[BlackElo "2780"]
[TimeControl "180+1"]
[EndTime "10:37:08 PDT"]
[Termination "Gabix_94 won by resignation"]

1. d4 d5 2. c4 e6 3. Nf3 a6 4. Qc2 dxc4 5. Qxc4 b5 6. Qc2 Bb7 7. e3 Nd7 8. Nc3 Rc8 9. a4 b4 10. Ne4 c5 11. Nxc5 Nxc5 12. dxc5 Bxc5 13. Qb1 Nf6 14. Bd3 O-O 15. O-O Qe7 16. b3 h6 17.
Bb2 Nd5 18. Rc1 Rfd8 19. a5 Nxe3 20. fxe3 Bxe3+ 21. Kh1 Bxc1 22. Bxc1 Rxc1+ 23. Qxc1 Rxd3 24. Qf4 Bxf3 25. gxf3 Qb7 26. Kg2 e5 27. Qf5 g6 28.
Qf6 e4 29. Re1 Rxf3 30. Qd6 Rf5 31. h4 e3+ 32. Kh2 Rf2+ 0-1

[Event "*** Titled Tuesday Blitz"]
[Site "Chess.com"]
[Date "2021.03.30"]
[Round "4"]
[White "BigAl"]
[Black "Borsuk_Konstantin"]
[Result "0-1"]
[WhiteElo "2497"]
[BlackElo "2675"]
[TimeControl "180+1"]
[EndTime "10:37:11 PDT"]
[Termination "Borsuk_Konstantin won by checkmate"]

1. Nf3 Nf6 2. g3 b6 3. Bg2 Bb7 4. O-O g6 5. d3 d5 6. Nbd2 Bg7 7. a4 O-O 8. a5 Re8 9. Ne5 Nfd7 10. Nxd7 Qxd7 11. e4 e5 12. Re1 Na6 13. exd5 Bxd5 14. Bxd5 Qxd5 15. Ne4 f5 16. Nc3 Qc6 17. axb6 axb6 18.
Bd2 Nc5 19. Qb1 Ne6 20. Rxa8 Rxa8 21. Ne2 h5 22. h4 Bf6 23. b4 g5 24. Qb3 Kg7 25. b5 Qd7 26. hxg5 Bxg5 27. Bc3 Bf6 28.
Qb2 Qd5 29. Nf4 Nxf4 30. Bxe5 Qg2# 0-1

[Event "*** Titled Tuesday Blitz"]
[Site "Chess.com"]
[Date "2021.03.30"]
[Round "4"]
[White "rynos0411"]
[Black "Nikolakis2014"]
[Result "0-1"]
[WhiteElo "2409"]
[BlackElo "2612"]
[TimeControl "180+1"]
[EndTime "10:37:11 PDT"]
[Termination "Nikolakis2014 won by resignation"]

1. Nf3 Nf6 2. c4 g6 3. g3 Bg7 4. Bg2 O-O 5. O-O d6 6. Nc3 Nbd7 7. b3 e5 8. Bb2 Re8 9. d3 c6 10. Rc1 Nc5 11. Re1 a5 12. a3 Qb6 13. Nd2 Bf5 14. h3 h5 15. Ra1 Rad8 16. Na2 Bxd3 17. exd3 Nxd3 18. Re2 Nxb2 19. Qc2 e4 20. Qxb2 Ng4 21.
Nc3 Nxf2 22. Kh2 Nd3 23. Qc2 d5 24. cxd5 cxd5 25. Rf1 Qc5 26. Ndb1 Rc8 27. b4 axb4 28. axb4 Qc4 0-1

[Event "*** Titled Tuesday Blitz"]
[Site "Chess.com"]
[Date "2021.03.30"]
[Round "4"]
[White "Treacherous_horse64"]
[Black "RafalBRC"]
[Result "0-1"]
[WhiteElo "2434"]
[BlackElo "2189"]
[TimeControl "180+1"]
[EndTime "10:37:13 PDT"]
[Termination "RafalBRC won by resignation"]

1. e4 e6 2. d3 d5 3. Nd2 Nf6 4. Ngf3 c5 5. g3 Nc6 6. Bg2 Be7 7.
O-O b5 8. e5 Nd7 9. Re1 Qc7 10.
Qe2 a5 11. Nf1 Ba6 12. Bf4 b4 13. a3 c4 14. axb4 cxd3 15. cxd3 Nxb4 16. Rad1 Nc5 17.
Qe3 Ncxd3 18. Ra1 Nc2 19. Qd2 Ndxe1 20. Rxe1 Nxe1 21. Nxe1 Bb4 22. Qe3 O-O 23. h4 Rac8 24. Nf3 Qc5 25. Qb3 Bc4 26. Qa4 d4 27. h5 h6 28. Qd1 Rfd8 29. N1h2 d3 30. Ng4 d2 31.
Nxd2 Bxd2 32. Bxd2 Qd4 33. Qf3 Qxd2 34. Kh2 Be2 35. Qe4 Bxg4 36. Qxg4 Qxf2 37. Qxg7+ Kxg7 0-1

[Event "*** Titled Tuesday Blitz"]
[Site "Chess.com"]
[Date "2021.03.30"]
[Round "4"]
[White "ZEN-22"]
[Black "HrvojeZagreb"]
[Result "1-0"]
[WhiteElo "2413"]
[BlackElo "2214"]
[TimeControl "180+1"]
[EndTime "10:37:14 PDT"]
[Termination "ZEN-22 won by resignation"]

1. e3 f5 2. g4 fxg4 3. h3 g3 4. fxg3 Nf6 5. c4 e6 6. Bg2 Bd6 7. Ne2 c5 8. d4 O-O 9. Nbc3 Nh5 10. Ne4 Bxg3+ 11. N2xg3 Nxg3 12. Nxg3 Qh4 13. Qg4 Qe7 14.
dxc5 Qxc5 15. Bd2 d5 16. O-O-O b5 17. Bc3 Rf7 18. cxd5 Na6 19. dxe6 Qxe3+ 20. Kb1 Bxe6 21. Qe4 Qxe4+ 22. Bxe4 Rc8 23. Rhg1 b4 24. Bd4 Nc5 25. Bxc5 Rxc5 26. Rd8+ Rf8 27. Bxh7+ Kxh7 28. Rxf8 1-0

[Event "*** Titled Tuesday Blitz"]
[Site "Chess.com"]
[Date "2021.03.30"]
[Round "4"]
[White "ymoy"]
[Black "Mops_2004"]
[Result "1-0"]
[WhiteElo "2729"]
[BlackElo "2507"]
[TimeControl "180+1"]
[EndTime "10:37:15 PDT"]
[Termination "ymoy won by resignation"]

1. e4 d6 2. d4 Nf6 3. Nc3 g6 4. f4 Bg7 5. Nf3 c5 6. Bb5+ Bd7 7. Bxd7+ Nfxd7 8. d5 b5 9. Nxb5 Qa5+ 10. Nc3 Bxc3+ 11. bxc3 Qxc3+ 12. Bd2 Qc4 13. Qe2 Qxe2+ 14. Kxe2 Nb6 15. h4 h5 16. a4 f5 17. a5 N6d7 18. e5 Na6 19.
Rhb1 O-O-O 20. c4 Kc7 21. Bc3 Rhf8 22. Ng5 dxe5 23. fxe5 f4 24. Ne6+ Kc8 25. Nxd8 Rxd8 26. e6 Nf8 27. Rb2 Nh7 28. Rab1 g5 29. Rb7 Nb4 30.
Rxa7 gxh4 31. Bxb4 cxb4 32. Rxb4 1-0

[Event "*** Titled Tuesday Blitz"]
[Site "Chess.com"]
[Date "2021.03.30"]
[Round "4"]
[White "Kozok"]
[Black "azikom"]
[Result "0-1"]
[WhiteElo "2492"]
[BlackElo "2694"]
[TimeControl "180+1"]
[EndTime "10:37:18 PDT"]
[Termination "azikom won by resignation"]

1. e4 Nf6 2. e5 Nd5 3. d4 d6 4.
Nf3 dxe5 5. Nxe5 c6 6. c4 Nb4 7. a3 Qxd4 8. axb4 Qxe5+ 9. Be2 g6 10. Bd2 Qd6 11. Bc3 Qxd1+ 12. Bxd1 f6 13. Bd4 e5 14. Rxa7 Rxa7 15. Bxa7 Bxb4+ 16. Ke2 Na6 17. Bc2 Be6 18.
b3 Ke7 19. Rd1 Ra8 20. Bb6 Bc5 21. Bxc5+ Nxc5 22. Nc3 Ra3 0-1